 Dungeon Crawl Stone Soup version 0.23.2-1-ga50397a6bc (webtiles) character file.

Game seed: 5889436509761818103

3260 Kobolds4U the Covert (level 9, -7/41 HPs)
             Began as a Spriggan Assassin on May 30, 2019.
             Was a Believer of Okawaru.
             Killed by divine providence
             ... invoked by an orc priest
              (14 damage)
             ... on level 9 of the Dungeon.
             The game lasted 00:31:47 (12880 turns).

Kobolds4U the Covert (Spriggan Assassin)           Turns: 12880, Time: 00:31:47

Health: -7/41      AC:  6    Str:  9    XL:     9   Next: 68%
Magic:  17/17      EV: 17    Int: 17    God:    Okawaru [**....]
Gold:   491        SH:  0    Dex: 25    Spells: 15/18 levels left

rFire    . . .     SeeInvis +   x - +5 falchion "Ohuddat" {slice, Str+2}
rCold    . . .     Gourm    .   (shield restricted)
rNeg     . . .     Faith    .   C - +2 robe {MR+}
rPois    .         Spirit   .   (helmet restricted)
rElec    .         Reflect  .   d - +1 cloak
rCorr    .         Harm     .   (gloves unavailable)
MR       ++...                  (boots unavailable)
Stlth    ++++++....             (no amulet)
HPRegen  0.13/turn              v - +5 ring of intelligence
MPRegen  0.15/turn              A - +4 ring of dexterity

@: very quick
A: very small, unfitting armour, see invisible, herbivore, speed 3, slow
metabolism 2
a: Heroism, Renounce Religion


You were on level 9 of the Dungeon.
You worshipped Okawaru.
Okawaru was pleased with you.
You were very hungry.

You visited 2 branches of the dungeon, and saw 10 of its levels.

You collected 491 gold pieces.

Inventory:

Hand Weapons
 a - a +2 dagger
 b - a +0 blowgun
 x - the +5 falchion "Ohuddat" (weapon) {slice, Str+2}
   (You found it on level 4 of the Dungeon)

   It inflicts extra damage upon your enemies.
   It affects your strength (+2).
 B - a +0 rapier
Missiles
 e - 18 poisoned needles
 t - a curare-tipped needle
Armour
 d - a +1 cloak (worn)
 C - a +2 robe of magic resistance (worn)
Magical Staves
 L - an uncursed staff of energy
Jewellery
 p - an uncursed ring of protection from cold
 q - an uncursed ring of protection from magic
 v - a +5 ring of intelligence (left hand)
 A - a +4 ring of dexterity (right hand)
 E - an uncursed ring of protection from fire
 I - a cursed ring of attention {unknown}
Wands
 f - a wand of enslavement (5)
 n - a wand of acid (11)
 w - a wand of polymorph (8)
 M - a wand of clouds (5)
Scrolls
 s - 3 scrolls of identify
 u - a scroll of teleportation
 y - 2 scrolls of magic mapping {unknown}
 z - 3 scrolls of immolation {unknown}
 D - 2 scrolls of fog {unknown}
 F - 3 scrolls of enchant armour
 G - 2 scrolls of noise {unknown}
 J - 2 scrolls of remove curse
 O - a scroll of blinking
Potions
 c - 2 potions of brilliance {unknown}
 h - 2 potions of flight
 i - 2 potions of mutation
 j - 2 potions of cancellation
 k - 3 potions of haste
 l - a potion of resistance {unknown}
 m - a potion of ambrosia {unknown}
 o - a potion of heal wounds {unknown}
 r - a potion of curing
 H - a potion of degeneration {unknown}
 K - 3 potions of lignification {unknown}
 N - a potion of agility {unknown}
Comestibles
 g - 11 rations


   Skills:
 - Level 1.5 Fighting
 - Level 2.4(2.8) Short Blades
 * Level 1.3(1.8) Long Blades
 - Level 2.0 Throwing
 - Level 1.5 Dodging
 + Level 14.2 Stealth
 - Level 5.0 Spellcasting
 - Level 4.0 Conjurations
 - Level 6.0 Hexes
 - Level 5.0 Invocations


You had 15 spell levels left.
You knew the following spells:

 Your Spells              Type           Power        Failure   Level  Hunger
a - Dazzling Spray        Conj/Hex       ###...       5%          3    ###....

Your spell library contained the following spells:

 Spells                   Type           Power        Failure   Level  Hunger
 Corona                   Hex            ###....      1%          1    None
 Slow                     Hex            ###.....     1%          2    #......
 Magic Dart               Conj           ###.         2%          1    None
 Searing Ray              Conj           ###...       4%          2    #......
 Inner Flame              Hex/Fire       ##......     12%         3    ###....
 Portal Projectile        Hex/Tloc       ##....       12%         3    ###....
 Cause Fear               Hex            ###.......   12%         4    ####...
 Fulminant Prism          Conj/Hex       ###.......   19%         4    ####...
 Iskenderun's Mystic Bla  Conj           ###.....     26%         4    ####...
 Leda's Liquefaction      Hex/Erth       ##........   38%         4    ####...
 Force Lance              Conj/Tloc      ##......     52%         4    ####...


Dungeon Overview and Level Annotations

Branches:
Dungeon (9/15)             Temple (1/1) D:5             Orc (0/2) D:9
   Lair: D:8-11

Altars:
Cheibriados
Dithmenos
Elyvilon
Fedhas
Gozag
Hepliaklqana
Kikubaaqudgha
Makhleb
Nemelex Xobeh
Okawaru
Qazlal
Ru
Sif Muna
Trog
Uskayaw
Vehumet
Wu Jian
Xom
Yredelemnul
Zin
The Shining One


Innate Abilities, Weirdness & Mutations

You are very small and have problems with some larger weapons.
You are too small for most types of armour.
You have supernaturally acute eyesight. (SInv)
You are a herbivore.
You cover ground extremely quickly.
You need to consume almost no food.


Message History

You are too injured to fight recklessly!
There is an open door here.
The orc priest invokes the aid of Beogh against you.
Beogh smites you!
* * * LOW HITPOINT WARNING * * *
You slash the orc wizard!
The orc wizard is heavily wounded.
The orc wizard hits you but does no damage.
The orc wizard barely misses you.
You riposte.
You closely miss the orc wizard.
The orc wizard is heavily wounded.
You closely miss the orc wizard.
The orc wizard is heavily wounded.
The orc wizard completely misses you.
You riposte.
You hit the orc wizard.
You kill the orc wizard!
Okawaru accepts your kill.
You hit the orc priest.
The orc priest is moderately wounded.
The orc priest calls down the wrath of Beogh upon you.
Beogh smites you!
You die...

#..# ####'#####
#####+### #........#
........# #........#
........# #........#
........# #........#
.......)# ####........#
......).####..'........#
<.......oo@..##........#
........#######........#
........# #........#
######### #########


You could see an orc priest and an orc.

Vanquished Creatures
  Pikel (D:4)
  Psyche (D:8)
  Grinder (D:4)
  A hippogriff (D:7)
  A hungry ghost (D:7)
  Duvessa (D:4)
  An eye of draining (D:9)
  4 ogres
  A big kobold (D:7)
  A bullfrog (D:6)
  A wyvern skeleton (D:9)
  A scorpion (D:8)
  3 howler monkeys
  4 crimson imps
  A centaur zombie (D:8)
  2 orc priests
  2 hounds
  3 jellies
  Crazy Yiuf (D:3)
  2 bullfrog skeletons
  An iguana (D:9)
  3 orc wizards
  Ijyb (D:3)
  5 worker ants
  3 hound zombies
  Robin (D:2)
  A howler monkey skeleton (D:4)
  6 gnolls (D:7)
  7 adders
  3 shadow imps
  2 oozes
  An adder skeleton (D:4)
  An adder zombie (D:5)
  3 worms
  2 dart slugs (D:1)
  5 leopard geckos
  36 orcs
  4 ball pythons
  9 bats
  3 giant cockroaches
  15 hobgoblins
  10 jackals
  9 kobolds
  5 quokkas
  3 frilled lizards
  15 goblins
  A jackal skeleton (D:4)
  A quokka skeleton (D:7)
  12 rats
201 creatures vanquished.

Vanquished Creatures (others)
  3 slaves (D:4)
  Dowan (D:4)
  A ball python (D:4)
5 creatures vanquished.

Grand Total: 206 creatures vanquished

Notes
Turn   | Place    | Note
-------+----------+-------------------------------------------
     0 | D:1      | Kobolds4U the Spriggan Assassin began the quest for the
                  | Orb.
     0 | D:1      | Reached XP level 1. HP: 10/10 MP: 2/2
    56 | D:1      | Reached skill level 6 in Stealth
   348 | D:1      | Reached XP level 2. HP: 14/14 MP: 3/3
   403 | D:1      | Reached skill level 7 in Stealth
   692 | D:1      | Reached XP level 3. HP: 16/18 MP: 4/4
   928 | D:2      | Found a hazy altar of Hepliaklqana.
  1234 | D:2      | Reached skill level 8 in Stealth
  1409 | D:2      | Noticed Robin
  1465 | D:2      | Killed Robin
  1465 | D:2      | Reached XP level 4. HP: 13/22 MP: 5/5
  1879 | D:2      | Reached skill level 9 in Stealth
  2338 | D:3      | Reached XP level 5. HP: 25/25 MP: 6/6
  2817 | D:3      | Reached skill level 10 in Stealth
  2829 | D:3      | Learned a level 3 spell: Dazzling Spray
  2867 | D:3      | Found a sparkling altar of Nemelex Xobeh.
  2941 | D:3      | Found a glowing silver altar of Zin.
  3008 | D:3      | Reached skill level 1 in Spellcasting
  3466 | D:3      | Noticed Ijyb
  3498 | D:3      | Killed Ijyb
  3554 | D:3      | Found a runed translucent door.
  3555 | D:3      | Noticed Crazy Yiuf
  3562 | D:3      | Killed Crazy Yiuf
  3562 | D:3      | Reached XP level 6. HP: 30/30 MP: 9/11
  3824 | D:4      | Noticed Grinder
  3831 | D:4      | Killed Grinder
  3855 | D:4      | Got an iridescent falchion
  3891 | D:4      | Found a sacrificial altar of Ru.
  4100 | D:4      | Found a shadowy altar of Dithmenos.
  4246 | D:4      | Noticed Duvessa
  4247 | D:4      | Noticed a slave
  4247 | D:4      | Noticed a slave
  4247 | D:4      | Noticed a slave
  4248 | D:4      | Noticed a slave
  4250 | D:4      | Noticed Dowan
  4250 | D:4      | Noticed Pikel
  4613 | D:4      | Identified the +5 falchion "Ohuddat" {slice, Str+2} (You
                  | found it on level 4 of the Dungeon)
  4645 | D:4      | Found an ornate altar of the Wu Jian Council.
  4645 | D:4      | Found a snail-covered altar of Cheibriados.
  4680 | D:4      | HP: 1/30 [slave[Pikel] (2)]
  4691 | D:4      | Killed Pikel
  4691 | D:4      | Reached skill level 11 in Stealth
  4691 | D:4      | Reached skill level 5 in Hexes
  4691 | D:4      | Reached XP level 7. HP: 2/33 MP: 14/14
  4722 | D:4      | Killed Dowan
  5054 | D:4      | HP: 1/33 [Duvessa/+0 rapier (15)]
  5432 | D:4      | Killed Duvessa
  5432 | D:4      | Reached XP level 8. HP: 11/37 MP: 15/15
  5780 | D:5      | Entered Level 5 of the Dungeon
  6545 | D:5      | Found a staircase to the Ecumenical Temple.
  6568 | Temple   | Entered the Ecumenical Temple
  6617 | Temple   | Became a worshipper of Warmaster Okawaru
  6857 | D:4      | Reached skill level 12 in Stealth
  7157 | D:5      | Reached skill level 1 in Conjurations
  8277 | D:7      | Reached skill level 5 in Spellcasting
  8509 | D:7      | Noticed a hippogriff
  9576 | D:6      | Reached * piety under Okawaru
 10162 | D:7      | Reached skill level 13 in Stealth
 10162 | D:7      | Reached XP level 9. HP: 38/41 MP: 17/17
 10549 | D:7      | Reached ** piety under Okawaru
 10549 | D:7      | Reached skill level 1 in Invocations
 11272 | D:8      | Found a basalt altar of Yredelemnul.
 11797 | D:8      | Noticed Psyche
 11823 | D:8      | Killed Psyche
 12378 | D:9      | Reached skill level 14 in Stealth
 12398 | D:9      | Found a staircase to the Orcish Mines.
 12559 | D:9      | Reached skill level 5 in Invocations
 12691 | D:9      | Reached skill level 1 in Long Blades
 12880 | D:9      | Killed from afar by an orc priest

Skill      XL: |  1  2  3  4  5  6  7  8  9 |
---------------+----------------------------+-----
Stealth        | 6 7 8 9 10 11 13 14 | 14.2
Spellcasting   | 2 4 5 |  5.0
Hexes          | 5 6 |  6.0
Conjurations   | 3 4 |  4.0
Invocations    | 5 |  5.0
Long Blades    | 1 |  1.3
Fighting       | |  1.5
Short Blades   | |  2.4
Throwing       | |  2.0
Dodging        | |  1.5

Action                   |  1- 3 |  4- 6 |  7- 9 || total
-------------------------+-------+-------+-------++-------
Melee: Dagger            |   136 |   243 |   503 ||   882
       Falchion          |       |    10 |    83 ||    93
 Fire: Blowgun           |    13 |    27 |    43 ||    83
 Cast: Dazzling Spray    |       |       |    24 ||    24
  Use: Scroll            |     3 |     5 |     2 ||    10
 Stab: Sleeping          |    12 |    12 |    34 ||    58
       Distracted        |       |     2 |     8 ||    10
       Invisible         |       |       |     6 ||     6
  Eat: Ration            |       |     1 |     5 ||     6
Armor: Robe              |    25 |    26 |    93 ||   144
Dodge: Dodged            |   103 |   149 |   354 ||   606
       Rpst.: Falchion   |       |     2 |    17 ||    19
